 Dungeon Crawl Stone Soup version 0.21.1-1-g345015f (webtiles) character file.

8 shakethe the Shooter (level 2, 24/24 HPs)
             Began as a Centaur Hunter on Feb 8, 2018.
             Quit the game on level 1 of the Dungeon.
             The game lasted 00:01:36 (236 turns).

shakethe the Shooter (Centaur Hunter)                Turns: 236, Time: 00:01:37

Health: 24/24      AC:  4    Str: 14    XL:     2   Next: 0%
Magic:  2/2        EV:  9    Int: 10    God:
Gold:   0          SH:  0    Dex:  9    Spells: 1/1 levels left

rFire    . . .     SeeInvis .   a - +1 shortbow
rCold    . . .     Gourm    .   (shield currently unavailable)
rNeg     . . .     Faith    .   c - +0 leather armour
rPois    .         Spirit   .   (no helmet)
rElec    .         Reflect  .   (no cloak)
rCorr    .         Harm     .   (no gloves)
MR       .....                  (no barding)
Stlth    +.........             (no amulet)
HPRegen  0.08/turn              (no ring)
MPRegen  0.08/turn              (no ring)

@: very quick
A: large, hooves 3, deformed body, speed 2, tough skin 3
a: no special abilities


You were on level 1 of the Dungeon.
You were not hungry.

You visited 1 branch of the dungeon, and saw 1 of its levels.

Inventory:

Hand Weapons
 a - a +1 shortbow (weapon)
 b - a +0 short sword
Missiles
 d - 12 arrows (quivered)
Armour
 c - a +0 leather armour (worn)
Scrolls
 e - a scroll of noise {unknown}
Potions
 g - a potion of mutation {unknown}
Comestibles
 f - 2 rations


   Skills:
 + Level 2.1 Fighting
 + Level 5.4 Bows
 + Level 1.5 Dodging
 + Level 0.7 Stealth


You had one spell level left.
You didn't know any spells.

Dungeon Overview and Level Annotations

Branches:
Dungeon (1/15)

Altars:


Innate Abilities, Weirdness & Mutations

You have hooves in place of feet.
Armour fits poorly on your strangely shaped body.
You cover ground very quickly.
You have extremely tough skin. (AC +3)


Message History

The arrow hits the frilled lizard but does no damage.
The frilled lizard bites you.
You take 1 damage, and have 16/17 hp.
Really attack while wielding your +1 shortbow?
Okay, then.
Aim: a frilled lizard You shoot an arrow.
The arrow completely misses the frilled lizard.
Aim: a frilled lizard You shoot an arrow.
The arrow barely misses the frilled lizard.
Aim: a frilled lizard You shoot an arrow.
The arrow closely misses the frilled lizard.
The frilled lizard closely misses you.
Aim: a frilled lizard You shoot an arrow.
The arrow hits the frilled lizard.
You kill the frilled lizard!
No target in view!
d - 13 arrows (gained 2)
d - 14 arrows (gained 1)
d - 15 arrows (gained 1)
d - 16 arrows (gained 1)
A giant cockroach comes into view.
A giant cockroach is nearby!
A giant cockroach is nearby!
Aim: a giant cockroach (clinging)
You shoot an arrow.
The arrow barely misses the giant cockroach.
Health restored: 17
Aim: a giant cockroach (clinging)
You shoot an arrow.
The arrow barely misses the giant cockroach.
Aim: a giant cockroach (clinging)
You shoot an arrow.
The arrow closely misses the giant cockroach.
Aim: a giant cockroach (clinging)
You shoot an arrow. The arrow hits the giant cockroach.
The giant cockroach bites you but does no damage.
You see here 14 bolts.
Aim: a giant cockroach (moderately wounded, clinging)
You shoot an arrow.
The arrow hits the giant cockroach but does no damage.
Aim: a giant cockroach (moderately wounded, clinging)
You shoot an arrow. The arrow hits the giant cockroach!
You kill the giant cockroach!
d - 11 arrows (gained 1)
You see here 14 bolts.
d - 12 arrows (gained 1)
d - 13 arrows (gained 1)
d - 14 arrows (gained 1)
d - 15 arrows (gained 1)
A frilled lizard comes into view.
A frilled lizard is nearby!
Aim: a frilled lizard You shoot an arrow.
The arrow closely misses the frilled lizard.
You see here an arrow.
A frilled lizard is nearby!
A frilled lizard is nearby!
A frilled lizard is nearby!
Aim: a frilled lizard You shoot an arrow.
The arrow barely misses the frilled lizard.
Aim: a frilled lizard You shoot an arrow.
The arrow hits the frilled lizard!
You kill the frilled lizard!
d - 13 arrows (gained 1)
g - an amethyst potion
d - 14 arrows (gained 1)
You see here a frilled lizard corpse.
d - 15 arrows (gained 1)
You see here a frilled lizard corpse.
A bat comes into view.
Aim: a bat You shoot an arrow.
The arrow misses the bat.
Aim: a bat You shoot an arrow.
The arrow barely misses the bat.
The bat hits you but does no damage.
Aim: a bat You shoot an arrow.
The arrow barely misses the bat.
The bat closely misses you. The bat hits you but does no damage.
A bat is nearby!
Aim: a bat You shoot an arrow.
The arrow hits the bat.
You kill the bat!
d - 12 arrows (gained 1)
d - 13 arrows (gained 1)
A giant cockroach comes into view.
You see here an arrow.
A giant cockroach is nearby!
Aim: a giant cockroach (clinging)
You shoot an arrow. The arrow hits the giant cockroach!
You kill the giant cockroach!
You have reached level 2!
Health restored: 24; MP restored: 2 Unknown command.
Okay, then.
Okay, then.
Okay, then.

..#####......#
###..###
...........###
##...##
........##.## #...##
.#########..####..##
##......###
#...........#
.)#####.......#####
......[.##.#.##
##...##@...#... ###
#.######.. #.# #.#
.(# .# ... #.(. ##.(
#...


There were no monsters in sight!

Vanquished Creatures
  2 giant cockroaches (D:1)
  2 goblins (D:1)
  A bat (D:1)
  2 frilled lizards (D:1)
  A kobold (D:1)
8 creatures vanquished.

Notes
Turn   | Place    | Note
-------+----------+-------------------------------------------
     0 | D:1      | shakethe the Centaur Hunter began the quest for the Orb.
     0 | D:1      | Reached XP level 1. HP: 17/17 MP: 1/1
   235 | D:1      | Reached XP level 2. HP: 24/24 MP: 2/2
   236 | D:1      | Quit the game

Action                   || total
-------------------------++-------
 Fire: Shortbow          ||    25
Armor: Leather armour    ||     3
Dodge: Dodged            ||     2

Vault maps used:
D:1:      dpeg_arrival_water_temple_mockup

Table legend:
 A = Turns spent in this place as a percentage of turns spent in the entire game.
 B = Non-inter-level travel turns spent in this place as a percentage of non-inter-level travel turns spent in the entire game.
 C = Inter-level travel turns spent in this place as a percentage of turns spent in this place.
 D = Turns resting spent in this place as a percentage of non-inter-level travel turns spent in this place.
 E = Turns spent auto-exploring this place as a percentage of non-inter-level travel turns spent in this place.
 F = Non-inter-level travel turns spent in this place divided by the number of levels of this place that you've seen.
                   A       B       C       D       E      F
               +-------+-------+-------+-------+-------+----------------------
         Total | 100.0 | 100.0 |   0.0 |   0.0 |  66.1 | 236.0
       Dungeon | 100.0 | 100.0 |   0.0 |   0.0 |  66.1 | 236.0
               +-------+-------+-------+-------+-------+----------------------

Table legend:
 A = Kills in this place as a percentage of kills in entire the game.
 B = Kills by you in this place as a percentage of kills by you in the entire game.
 C = Kills by friends in this place as a percentage of kills by friends in the entire game.
 D = Other kills in this place as a percentage of other kills in the entire game.
 E = Experience gained in this place as a percentage of experience gained in the entire game.
 F = Experience gained in this place divided by the number of levels of this place that you have seen.
                   A       B       C       D       E      F
               +-------+-------+-------+-------+-------+----------------------
         Total | 100.0 | 100.0 |   N/A |   N/A | 100.0 |  12.0
       Dungeon | 100.0 | 100.0 |   N/A |   N/A | 100.0 |  12.0
               +-------+-------+-------+-------+-------+----------------------
